 Dungeon Crawl Stone Soup version 0.24.0-1-gfbc8707 (webtiles) character file.

Game seed: 13189877113206191125, levelgen mode: deterministic

8011 curiousnu the Cleaver (level 11, -1/97 HPs)
             Began as a Minotaur Berserker on Oct 31, 2019.
             Was a High Priest of Trog.
             Slain by a very large slime creature (39 damage)
             ... on level 11 of the Dungeon.
             The game lasted 00:40:20 (8129 turns).

curiousnu the Cleaver (Minotaur Berserker)          Turns: 8129, Time: 00:40:20

Health: -1/97      AC: 13    Str: 25    XL:     11   Next: 4%
Magic:  10/10      EV: 11    Int:  4    God:    Trog [*****.]
Gold:   472        SH:  5    Dex: 10    Spells: 10/10 levels left

rFire    + . .     SeeInvis +   C - +2 hand axe (chop)
rCold    . . .     Gourm    .   M - +0 buckler (curse)
rNeg     . . .     Faith    .   i - +1 ring mail {rF+}
rPois    .         Spirit   .   S - +1 hat
rElec    .         Reflect  .   y - +0 cloak
rCorr    +         Harm     .   h - +0 pair of gloves
MR       ++...                  g - +0 pair of boots
Stlth    ..........             s - amulet of the acrobat
HPRegen  1.26/turn              J - ring of resist corrosion
MPRegen  0.12/turn              B - ring of see invisible

@: regenerating
A: retaliatory headbutt, horns 2
a: Berserk, Trog's Hand, Brothers in Arms, Renounce Religion


You were on level 11 of the Dungeon.
You worshipped Trog.
Trog was extremely pleased with you.
You were very hungry.

You visited 1 branch of the dungeon, and saw 11 of its levels.

You collected 571 gold pieces.
You spent 99 gold pieces at shops.

Inventory:

Hand Weapons
 C - a +2 hand axe of chopping (weapon)
 R - a +3 flail of protection
Missiles
 o - 17 boomerangs (quivered)
 H - 7 javelins
 P - 5 silver boomerangs
 T - 3 silver javelins
Armour
 g - a +0 pair of boots (worn)
 h - a +0 pair of gloves (worn)
 i - a +1 ring mail of fire resistance (worn)
 x - a +4 scale mail of poison resistance
 y - a +0 cloak (worn)
 A - a +0 shield
 M - a cursed +0 buckler (worn)
 S - a +1 hat (worn)
Jewellery
 n - a +3 ring of intelligence
 s - an amulet of the acrobat (around neck)
 B - a ring of see invisible (right hand)
 J - a ring of resist corrosion (left hand)
Wands
 b - a wand of iceblast (18)
 O - a wand of random effects (17)
Scrolls
 a - a scroll of torment {unknown}
 d - a scroll of vulnerability {unknown}
 f - 10 scrolls of remove curse
 j - a scroll of random uselessness {unknown}
 l - 2 scrolls of teleportation
 p - 2 scrolls of blinking
 t - 6 scrolls of enchant armour
 v - 4 scrolls of magic mapping
 F - a scroll of silence {unknown}
 G - a scroll of fear {unknown}
 I - a scroll of enchant weapon {unknown}
 L - a scroll of acquirement {unknown}
 N - a scroll of brand weapon {unknown}
Potions
 e - 2 potions of heal wounds
 k - 6 potions of curing
 m - 3 potions of lignification
 q - 2 potions of haste
 r - a potion of mutation {unknown}
 u - 2 potions of might
 w - a potion of magic
 z - 2 potions of flight
 D - a potion of cancellation
 E - a potion of berserk rage
 K - a potion of brilliance
Comestibles
 c - 17 rations


   Skills:
 + Level 9.6 Fighting
 + Level 13.5 Axes
 + Level 0.8 Throwing
 * Level 10.5 Armour
 - Level 2.1 Dodging
 + Level 6.7 Shields


You had 10 spell levels left.
You didn't know any spells.
Your spell library was empty.

Dungeon Overview and Level Annotations

Branches:
Dungeon (11/15)            Temple (0/1) D:7            Lair (0/6) D:9
    Orc (0/2) D:10

Altars:
Ashenzari
Elyvilon
Hepliaklqana
Qazlal
Ru
Sif Muna
Xom
Beogh

Shops:
D:4 :[[[

Portals:
Trove: D:10 (give horn of Geryon)

Annotations:
D:4 1 runed translucent door, Charmandara's ghost, amateur OgCj


Innate Abilities, Weirdness & Mutations

You reflexively headbutt those who attack you in melee.
You have a pair of horns on your head.


Message History

You slash the very large slime creature!
The very large slime creature is moderately wounded.
You hit the very large slime creature.
The very large slime creature is moderately wounded.
The very large slime creature hits you.
You slash the very large slime creature!
The very large slime creature is moderately wounded.
The very large slime creature barely misses you.
You slash the very large slime creature!
Your headbutt misses the very large slime creature.
The very large slime creature is moderately wounded.
You slash the very large slime creature!
You headbutt the very large slime creature!
The very large slime creature is heavily wounded.
The very large slime creature closely misses you.
Your skin crawls.
You feel resistant to hostile enchantments.
You feel somewhat more hungry.
The very large slime creature hits you!!!
You die...

(# ). #. #. #.## ####
#..# .....
###########.####
......###...............
.....OJ@..##########.###
......##### #.# .....
#.# .... #.# ... #.# ##
#.# #.# #.#
#########+###


You could see a very large slime creature and a two-headed ogre.

Vanquished Creatures
  2 ugly things (D:11)
  A manticore (D:11)
  A troll (D:10)
  Prince Ribbit (D:7)
  A meliai (shapeshifter) (D:10)
  2 hornets (D:9)
  A hippogriff (D:10)
  A wyvern (D:10)
  Sigmund (D:3)
  3 yaks (D:10)
  2 hungry ghosts
  2 orc warriors (D:10)
  An ice beast (D:7)
  4 sky beasts
  A black bear (D:5)
  4 ogres
  2 necrophages
  4 centaurs
  A crocodile (D:7)
  2 big kobolds
  6 bullfrogs
  5 scorpions
  8 wights
  2 howler monkeys
  4 crimson imps
  A bullfrog zombie (D:6)
  A centaur zombie (D:5)
  6 orc priests
  2 jellies
  2 centaur skeletons
  A bullfrog skeleton (D:4)
  4 hounds
  12 orc wizards
  5 iguanas
  Terence (D:3)
  8 worker ants
  A hound zombie (D:7)
  17 gnolls
  2 worker ant zombies
  9 adders
  A shadow imp (D:10)
  4 oozes
  3 adder skeletons
  3 adder zombies
  3 worms
  A dart slug (D:3)
  15 leopard geckos
  64 orcs
  A ball python (D:2)
  4 bats
  4 giant cockroaches
  11 goblins
  6 hobgoblins
  14 jackals
  6 quokkas
  10 frilled lizards
  A jackal skeleton (D:5)
  14 kobolds
  8 rats
  A plant (D:7)
308 creatures vanquished.

Vanquished Creatures (others)
  7 plants (D:7)
7 creatures vanquished.

Grand Total: 315 creatures vanquished

Notes
Turn   | Place    | Note
-------+----------+-------------------------------------------
     0 | D:1      | curiousnu the Minotaur Berserker began the quest for the
                  | Orb.
     0 | D:1      | Reached XP level 1. HP: 19/19 MP: 0/0
    68 | D:1      | Reached XP level 2. HP: 27/27 MP: 1/1
    92 | D:1      | Reached skill level 4 in Axes
   394 | D:2      | Reached XP level 3. HP: 30/33 MP: 2/2
   413 | D:2      | Reached ** piety under Trog
   890 | D:2      | Reached XP level 4. HP: 36/41 MP: 3/3
  1027 | D:2      | Reached skill level 5 in Axes
  1243 | D:3      | Reached XP level 5. HP: 32/47 MP: 4/4
  1481 | D:3      | Noticed Sigmund
  1551 | D:3      | Killed Sigmund
  1551 | D:3      | Reached skill level 5 in Fighting
  1551 | D:3      | Reached skill level 6 in Axes
  1551 | D:3      | Reached XP level 6. HP: 56/56 MP: 5/5
  1616 | D:3      | Noticed Terence
  1632 | D:3      | Killed Terence
  1678 | D:3      | Reached skill level 7 in Axes
  1685 | D:3      | Reached skill level 5 in Armour
  1699 | D:3      | Reached *** piety under Trog
  2225 | D:4      | Reached XP level 7. HP: 61/61 MP: 6/6
  2340 | D:4      | Found Foiptic's Antique Armour Boutique.
  2359 | D:4      | Bought a shield for 99 gold pieces
  2370 | D:4      | Found Fankoloa's Antique Armour Shoppe.
  2442 | D:4      | Found Upnorul's Armour Boutique.
  2494 | D:4      | Reached skill level 8 in Axes
  2580 | D:4      | Found a runed translucent door.
  2582 | D:4      | Noticed Charmandara's ghost (amateur OgCj)
  2596 | D:4      | Found Pocoum's Book Emporium.
  2687 | D:5      | Entered Level 5 of the Dungeon
  2753 | D:5      | Found a white marble altar of Elyvilon.
  2878 | D:5      | Reached skill level 1 in Shields
  2964 | D:5      | Reached XP level 8. HP: 50/70 MP: 7/7
  3123 | D:5      | Reached skill level 9 in Axes
  3663 | D:6      | Reached **** piety under Trog
  3828 | D:6      | Found a shimmering altar of Xom.
  3927 | D:6      | Found a hazy altar of Hepliaklqana.
  3937 | D:6      | Found a stormy altar of Qazlal.
  4089 | D:6      | Found a shattered altar of Ashenzari.
  4359 | D:7      | Reached skill level 10 in Axes
  4366 | D:7      | Noticed Prince Ribbit
  4377 | D:7      | Killed Prince Ribbit
  4377 | D:7      | Reached XP level 9. HP: 59/79 MP: 8/8
  4490 | D:7      | Found a staircase to the Ecumenical Temple.
  4560 | D:7      | Found a sacrificial altar of Ru.
  5313 | D:8      | Found a shimmering blue altar of Sif Muna.
  5374 | D:8      | Reached skill level 11 in Axes
  5500 | D:8      | Reached skill level 5 in Shields
  5656 | D:9      | Reached ***** piety under Trog
  5835 | D:9      | Paralysed by a hornet for 2 turns
  6049 | D:9      | Found a staircase to the Lair.
  6062 | D:9      | Reached XP level 10. HP: 71/88 MP: 9/9
  6228 | D:9      | Reached skill level 12 in Axes
  6502 | D:10     | Entered Level 10 of the Dungeon
  6754 | D:10     | Found a roughly hewn altar of Beogh.
  6912 | D:10     | Found a portal to a secret trove of treasure.
  6997 | D:10     | Received a gift from Trog
  7016 | D:10     | Found a staircase to the Orcish Mines.
  7426 | D:10     | Reached skill level 10 in Armour
  7619 | D:10     | Reached skill level 13 in Axes
  7781 | D:11     | Noticed a manticore
  7791 | D:11     | Killed a manticore
  7993 | D:11     | Received a gift from Trog
  8039 | D:11     | Noticed a brown ugly thing
  8039 | D:11     | Noticed a purple ugly thing
  8053 | D:11     | Killed a brown ugly thing
  8061 | D:11     | Killed a brown ugly thing
  8061 | D:11     | Reached XP level 11. HP: 50/97 MP: 10/10
  8116 | D:11     | Noticed a two-headed ogre
  8129 | D:11     | Slain by a very large slime creature

Levels and vault maps discovered:
D:1:      mrwooster_arrival_statue_3, layout_rooms, serial_curves,
          eino_curves_02, eino_curves_04, eino_curves_03
D:2:      wander_river, layout_rooms, first_ration, serial_forest,
          infiniplex_forest_clump_small, infiniplex_forest_clump_diagonal,
          infiniplex_forest_lined_corner, infiniplex_forest_clump_cross,
          infiniplex_forest_lined_room_2, infiniplex_forest_clump_medium,
          infiniplex_forest_clump_large, infiniplex_forest_end_2,
          infiniplex_forest_lined_3, infiniplex_forest_lined_corner,
          minmay_unequal
D:3:      layout_loops_ring, uniq_terence, uniq_sigmund
D:4:      layout_rooms, nicolae_overflow_hidden_temple, serial_shops,
          nicolae_shop_stone, kennysheep_mini_moat, nicolae_shop_trees, shop,
          ebering_ghost_sewer_f
D:5:      layout_basic, basic_altar, chequers_serial_rivers_small_3
D:6:      layout_loops_corners, grunt_temple_overflow_open,
          lemuel_crystal_altar, lemuel_crystal_altar
D:7:      layout_loops_ring, hangedman_ru_absence, minmay_temple_entry_waves,
          minmay_lizard_king, uniq_prince_ribbit1
D:8:      layout_cave_pools, overflow_temple_1_default
D:9:      layout_basic, lair_entry_dummy, serial_glass, glass_columns_a,
          glass_columns_a, hangedman_pestilent_swarm
D:10:     layout_loops_ring, erik_orc_4, enter_trove_3, special_room
          [special_room_orc]
D:11:     layout_roguey

Skill      XL: |  1  2  3  4  5  6  7  8  9 10 |
---------------+-------------------------------+-----
Fighting       | 4 5 6 7 8 9 |  9.6
Axes           | 4 5 6 7 8 10 11 13 | 13.5
Armour         | 3 4 5 6 7 8 10 | 10.5
Shields        | 1 3 5 6 |  6.7
Throwing       | |  0.8
Dodging        | |  2.1

Action                   |  1- 3 |  4- 6 |  7- 9 | 10-12 || total
-------------------------+-------+-------+-------+-------++-------
Melee: Hand axe          |    84 |   122 |   353 |   255 ||   814
       Headbutt          |    13 |    18 |    65 |    54 ||   150
Throw: Boomerang         |       |       |     2 |     8 ||    10
Invok: Trog's Hand       |       |     2 |     4 |     7 ||    13
       Berserk           |       |     1 |       |     2 ||     3
  Use: Scroll            |       |     6 |    13 |       ||    19
  Eat: Chunk             |       |     4 |    13 |     5 ||    22
       Ration            |       |       |     1 |     2 ||     3
Armor: Animal skin       |     5 |       |       |       ||     5
       Ring mail         |    21 |    44 |   111 |    67 ||   243
Dodge: Dodged            |    55 |    66 |   166 |   112 ||   399
Block: Shield            |       |       |   131 |     1 ||   132
       Buckler           |       |       |       |    33 ||    33
